 Dungeon Crawl Stone Soup version 0.18-a0-1677-g2bdad6c (webtiles) character file.

57351 dohliylev the Unseen (level 14, -14/94 HPs)
             Began as a Vampire Enchanter on Apr 2, 2016.
             Was a High Priest of Dithmenos.
             Splashed by an acid blob's acid (16 damage)
             ... on level 6 of the Lair of Beasts.
             The game lasted 03:03:47 (20608 turns).

dohliylev the Unseen (Vampire Enchanter)           Turns: 20608, Time: 03:03:48

Health: -14/94     AC: -4    Str:  7    XL:     14   Next: 45%
Magic:  26/30      EV: 31    Int: 18    God:    Dithmenos [*****.]
Gold:   1744       SH:  0    Dex: 24    Spells: 4 memorised, 28 levels left

rFire  . . .     SeeInvis +     (weapon currently unavailable)
rCold  + . .     Gourm    .     (armour currently unavailable)
rNeg   + + .     Faith    .     (shield currently unavailable)
rPois  +         Spirit   .     (helmet currently unavailable)
rElec  .         Dismiss  .     (cloak currently unavailable)
rCorr  .         Reflect  .     (gloves currently unavailable)
SustAt .         Harm     .     (boots currently unavailable)
MR     +....                    i - amulet of magic regeneration
Stlth  ++++++++++               (ring currently unavailable)
                                (ring currently unavailable)

@: bat-form, corroded, flying, regenerating slowly, wreathed by umbra, very
quick, somewhat resistant to hostile enchantments, uncannily stealthy
A: fangs 3, see invisible, (unbreathing)
a: End Transformation, Shadow Step, Shadow Form, Renounce Religion


You were on level 6 of the Lair of Beasts.
You worshipped Dithmenos.
Dithmenos was extremely pleased with you.
You were thirsty.
You were in vampire-bat-form.
You visited 3 branches of the dungeon, and saw 19 of its levels.
You also visited: Ice Cave.

You collected 2085 gold pieces.
You spent 341 gold pieces at shops.

Inventory:

Hand Weapons
 a - a +3 dagger of venom (melded)
Missiles
 b - 40 tomahawks (quivered)
 n - 8 steel tomahawks
 t - 8 silver tomahawks
Armour
 z - a +0 cloak (melded)
 D - the +1 robe "Usuovil" {rElec rPois Str-2 Int+5}
   (You found it on level 7 of the Dungeon)

   It affects your strength (-2).
   It affects your intelligence (+5).
   It insulates you from electricity.
   It protects you from poison.
 I - a +0 pair of boots (melded)
 U - a +2 helmet of see invisible (melded)
 W - a +2 robe of the Archmagi (melded)
Jewellery
 i - an amulet of magic regeneration (around neck)
 C - a +2 ring of dexterity (melded)
 J - a +5 amulet of reflection
 V - the ring of Mirth (melded) {rF+ EV+2 Int+2 Stlth+}
   (You bought it in a shop on level 10 of the Dungeon)

   [ring of evasion]

   It affects your evasion (+2).
   It affects your intelligence (+2).
   It protects you from fire.
   It makes you more stealthy.
Wands
 r - a wand of polymorph (12/24)
 K - a wand of confusion (26/48)
 R - a wand of polymorph (12/24)
 S - a wand of acid (10/15)
 T - a wand of iceblast (3/15)
 Y - a wand of lightning (5/15)
Scrolls
 m - 13 scrolls of remove curse
 p - 5 scrolls of teleportation
 q - 5 scrolls of fear
 s - 5 scrolls of enchant weapon
 u - 2 scrolls of magic mapping
 v - 3 scrolls of amnesia
 x - 4 scrolls of recharging
 y - 2 scrolls of blinking
 E - a scroll of silence
 G - 2 scrolls of enchant armour
Potions
 d - 48 potions of blood
 e - 4 potions of might
 f - 7 potions of curing
 g - 3 potions of heal wounds
 j - a potion of cancellation
 l - 5 potions of degeneration {unknown}
 o - 2 potions of mutation {unknown}
 A - 3 potions of berserk rage {unknown}
 B - 2 potions of cure mutation {unknown}
 F - 5 potions of flight {unknown}
 H - 3 potions of haste {unknown}
 L - 2 potions of resistance {unknown}
 P - 3 potions of ambrosia {unknown}
 Q - 3 potions of agility {unknown}
 Z - 2 potions of invisibility {unknown}
Books
 c - a book of Maledictions

   Spells                             Type                      Level
   a - Corona                         Hexes                        1
   b - Ensorcelled Hibernation        Hexes/Ice                    2
   c - Confuse                        Hexes                        3
   d - Tukima's Dance                 Hexes                        3
   e - Dazzling Spray                 Conjuration/Hexes            3
 w - a book of Battle

   Spells                             Type                      Level
   a - Infusion                       Charms                       1
   b - Shroud of Golubria             Charms/Translocation         2
   c - Song of Slaying                Charms                       2
   d - Spectral Weapon                Hexes/Charms                 3
   e - Regeneration                   Charms/Necromancy            3
 M - a book of Clouds

   Spells                             Type                      Level
   a - Mephitic Cloud                 Conjuration/Poison/Air       3
   b - Conjure Flame                  Conjuration/Fire             3
   c - Poisonous Cloud                Conjuration/Poison/Air       6
   d - Freezing Cloud                 Conjuration/Ice/Air          6
   e - Ring of Flames                 Charms/Fire                  7
 O - a book of Debilitation

   Spells                             Type                      Level
   a - Corona                         Hexes                        1
   b - Slow                           Hexes                        2
   c - Gell's Gravitas                Hexes/Translocation          3
   d - Inner Flame                    Hexes/Fire                   3
   e - Cause Fear                     Hexes                        4
   f - Leda's Liquefaction            Hexes/Earth                  4
Miscellaneous
 h - a phantom mirror


   Skills:
 + Level 3.8 Fighting
 + Level 5.0 Short Blades
 + Level 2.9 Throwing
 + Level 8.4 Dodging
 + Level 20.8 Stealth
 * Level 12.4 Spellcasting
 + Level 1.6 Conjurations
 + Level 13.3 Hexes
 + Level 1.3 Translocations
 + Level 8.4 Ice Magic
 + Level 0.1 Invocations
 + Level 0.1 Evocations


You had 28 spell levels left.
You knew the following spells:

 Your Spells              Type           Power        Failure   Level  Hunger
a - Corona                Hex            ######.      1%          1    None
b - Ensorcelled Hibernat  Hex/Ice        ######       1%          2    None
c - Dazzling Spray        Conj/Hex       #####...     1%          3    None
d - Gell's Gravitas       Hex/Tloc       #####.....   1%          3    None


Dungeon Overview and Level Annotations

Branches:
Dungeon (11/15)            Temple (0/1) D:6            Lair (6/8) D:11
  Swamp (0/4) Lair:5       Spider (0/4) Lair:5        Slime (0/6) Lair:6
    Orc (2/2) D:11            Elf (0/3) Orc:2

Altars:
Ashenzari
Cheibriados
Dithmenos
Elyvilon
Fedhas
Gozag
Kikubaaqudgha
Makhleb
Okawaru
Pakellas
Ru
Trog
Vehumet
Xom
Zin
The Shining One
Beogh
Jiyva

Shops:
D:9 *   D:10 =   Orc:1 *   Orc:2 (!}!

Portals:
Pandemonium: Orc:2

Annotations:
D:4 dohliylev's ghost, novice HOBe
D:11 Erica


Innate Abilities, Weirdness & Mutations

You heal slowly.
You have razor-sharp teeth.
You have supernaturally acute eyesight.
((You can survive without breathing.))


Message History

* * * LOW HITPOINT WARNING * * *
You are splashed with acid!
The acid burns!
* * * LOW HITPOINT WARNING * * *
The acid blob barely misses you.
You turn into a vampire bat.
Your +3 dagger of venom melds into your body.
Your +0 cloak melds into your body.
Your +2 helmet of see invisible melds into your body.
Your +0 pair of boots melds into your body.
Your +2 robe of the Archmagi melds into your body.
Your +2 ring of dexterity melds into your body.
The ring of Mirth {rF+ EV+2 Int+2 Stlth+} melds into your body.
Your +3 dagger of venom stops dripping with poison.
You feel strangely numb.
You feel clumsy. The acid blob spits acid at you. The splash of acid hits you!
* * * LOW HITPOINT WARNING * * *
The acid burns!
You die...

...#.>.#####........
#..#...#.#........#. .
#P.#._.#..รท......... ..
#..##'##.......>.)#. ...
#.........#.........
....##.....##..#.....##.
........P.#######...##..
.......J.######....####.
...#.P.b.###...#P..###..
....#...............#.#.
...#.#..................
......................#.
....................P...
......................#.
.....#.............#####
.##.................#
.#............P.P##


You could see an acid blob.

Vanquished Creatures
  Rupert (Lair:4)
  A frost giant (IceCv)
  An orc warlord (Orc:2)
  A stone giant (Orc:1)
  Erolcha (D:9)
  2 hydras
  3 death yaks
  An ogre mage (Orc:1)
  6 orc high priests (Orc:2)
  An unseen horror (D:10)
  A torturous demonspawn (Orc:2)
  Pikel (D:9)
  A lindwurm (Lair:5)
  A putrid demonspawn (Orc:2)
  6 orc knights
  8 orc sorcerers
  Maurice (Orc:1)
  An ice statue (IceCv)
  A centaur zombie (D:10)
  2 rust devils (Orc:2)
  3 orange demons (Orc:2)
  2 black mambas
  5 elephants (Lair:3)
  5 spiny frogs
  A torpor snail (Lair:3)
  A rime drake (Lair:1)
  A kobold demonologist (D:11)
  5 komodo dragons
  4 jumping spiders (Lair:5)
  3 trolls
  3 two-headed ogres (Orc:1)
  15 polar bears (IceCv)
  5 blink frogs (Lair:1)
  A slime creature (Lair:6)
  3 redbacks (Lair:5)
  A ynoxinul (Orc:2)
  4 fire bats (Lair:1)
  A basilisk (Lair:2)
  25 yaks
  Eustachio (D:6)
  2 hippogriffs
  2 steam dragons
  3 wargs (Orc:2)
  5 porcupines
  10 water moccasins
  46 orc warriors
  2 sky beasts (D:5)
  2 black bears
  4 ice beasts
  3 slaves (D:9)
  3 phantoms
  A necrophage (D:10)
  36 wolves
  12 ogres
  4 centaurs
  4 crocodiles
  9 giant frogs
  A big kobold (D:8)
  A wyvern zombie (D:7)
  6 killer bees
  6 electric eels
  A howler monkey (D:7)
  3 wights (D:7)
  2 crimson imps
  A quasit (D:9)
  18 orc priests
  2 giant frog skeletons (D:9)
  6 hounds
  3 jellies
  21 orc wizards
  A centaur skeleton (D:10)
  11 iguanas
  11 worker ants
  A killer bee zombie (D:8)
  14 sheep
  4 hound skeletons
  7 adders
  4 gnolls (D:6)
  32 river rats
  A shadow imp (D:7)
  12 white imps (Lair:4)
  4 adder skeletons
  An adder zombie (D:8)
  2 worms (D:2)
  4 dart slugs
  6 giant geckos
  84 orcs
  2 ball pythons
  7 bats
  A bat zombie (D:3)
  4 giant cockroaches
  5 goblins
  4 hobgoblins
  12 jackals
  6 quokkas
  5 giant newts
  A jackal skeleton (D:7)
  6 kobolds
  2 rats (D:2)
  2 rat zombies (D:3)
  A fungus (Lair:5)
  A plant (Lair:1)
607 creatures vanquished.

Vanquished Creatures (others)
  A yak (IceCv)
  7 wolves (IceCv)
  2 orcs
  A hobgoblin (D:2)
  A quokka (D:2)
  2 fungi (Lair:3)
14 creatures vanquished.

Grand Total: 621 creatures vanquished

Notes
Turn   | Place    | Note
--------------------------------------------------------------
     0 | D:1      | dohliylev the Vampire Enchanter began the quest for the Orb.
     0 | D:1      | Reached XP level 1. HP: 13/13 MP: 3/3
    51 | D:1      | Reached XP level 2. HP: 19/19 MP: 5/5
   128 | D:1      | Reached skill level 5 in Stealth
   195 | D:1      | Learned a level 2 spell: Ensorcelled Hibernation
   637 | D:2      | Reached XP level 3. HP: 23/24 MP: 6/6
   795 | D:2      | Found a white marble altar of Elyvilon.
   867 | D:2      | Found a burning altar of Makhleb.
   872 | D:2      | Found a glowing silver altar of Zin.
   873 | D:2      | Noticed a balrug
   873 | D:2      | Noticed an angel
  1317 | D:2      | Reached skill level 6 in Stealth
  1831 | D:3      | Reached XP level 4. HP: 31/31 MP: 3/7
  2325 | D:3      | Reached skill level 7 in Stealth
  2426 | D:3      | Found an ancient bone altar of Kikubaaqudgha.
  2498 | D:4      | Noticed dohliylev's ghost (novice HOBe)
  2568 | D:4      | Noticed an ogre
  2572 | D:4      | Reached skill level 5 in Hexes
  2572 | D:4      | Reached XP level 5. HP: 36/36 MP: 8/8
  2575 | D:4      | Killed an ogre
  2575 | D:4      | Reached skill level 8 in Stealth
  2575 | D:4      | Reached skill level 1 in Ice Magic
  2637 | D:4      | Found a blossoming altar of Fedhas.
  2644 | D:4      | Noticed an ogre
  2647 | D:4      | Killed an ogre
  2647 | D:4      | Reached XP level 6. HP: 42/42 MP: 8/10
  2779 | D:4      | Found an opulent altar of Gozag.
  2784 | D:4      | Found an iron altar of Okawaru.
  2785 | D:4      | Found a shadowy altar of Dithmenos.
  2786 | D:4      | Found a snail-covered altar of Cheibriados.
  2791 | D:4      | Became a worshipper of Dithmenos the Shadowed
  3079 | D:4      | Found a shattered altar of Ashenzari.
  3264 | D:4      | Reached skill level 1 in Fighting
  3289 | D:5      | Entered Level 5 of the Dungeon
  3353 | D:5      | Noticed a sky beast
  3373 | D:5      | Killed a sky beast
  3373 | D:5      | Reached skill level 9 in Stealth
  3739 | D:6      | Noticed Eustachio
  3742 | D:6      | You fall through a shaft!
  3754 | D:7      | Reached XP level 7. HP: 48/48 MP: 11/11
  4199 | D:7      | Reached skill level 10 in Stealth
  4396 | D:6      | Reached * piety under Dithmenos
  4613 | D:5      | Found a blossoming altar of Fedhas.
  4776 | D:5      | Reached XP level 8. HP: 55/55 MP: 10/13
  4921 | D:5      | Learned a level 3 spell: Dazzling Spray
  5511 | D:6      | Found a staircase to the Ecumenical Temple.
  5576 | D:6      | Killed Eustachio
  5576 | D:6      | Reached skill level 11 in Stealth
  5856 | D:6      | Reached ** piety under Dithmenos
  6060 | D:7      | Got a twisted robe
  6087 | D:7      | Identified the +1 robe "Usuovil" {rElec rPois Str-2 Int+5} (You found it on level 7 of the Dungeon)
  6126 | D:7      | Reached skill level 5 in Dodging
  6219 | D:7      | Reached XP level 9. HP: 61/61 MP: 16/16
  6354 | D:7      | Reached skill level 5 in Spellcasting
  6705 | D:8      | Found a shimmering altar of Xom.
  6779 | D:8      | Reached skill level 12 in Stealth
  6824 | D:8      | Found a blossoming altar of Fedhas.
  7187 | D:9      | Found Xeotzafe's Assorted Antiques.
  7200 | D:9      | Learned a level 3 spell: Gell's Gravitas
  7340 | D:9      | Found a sacrificial altar of Ru.
  7367 | D:9      | Reached skill level 13 in Stealth
  7524 | D:9      | Noticed Erolcha
  7526 | D:9      | Killed Erolcha
  7526 | D:9      | Reached XP level 10. HP: 68/68 MP: 17/19
  7655 | D:9      | Found an oddly glowing altar of Pakellas.
  7807 | D:9      | Noticed Pikel
  7807 | D:9      | Found a radiant altar of Vehumet.
  7833 | D:9      | Killed Pikel
  7976 | D:10     | Entered Level 10 of the Dungeon
  7984 | D:10     | Reached skill level 14 in Stealth
  8358 | D:10     | Found Vacesm's Jewellery Shop.
  8575 | D:10     | Bought the ring of Mirth {rF+ EV+2 Int+2 Stlth+} for 341 gold pieces
  8643 | D:10     | Noticed an unseen horror
  8648 | D:10     | Killed an unseen horror
  8720 | D:10     | Reached *** piety under Dithmenos
  8809 | D:11     | Reached skill level 15 in Stealth
  8814 | D:11     | Noticed Erica
  8860 | D:11     | Found a staircase to the Orcish Mines.
  8908 | Orc:1    | Entered Level 1 of the Orcish Mines
  8908 | Orc:1    | Noticed a stone giant
  8911 | Orc:1    | Killed a stone giant
  8911 | Orc:1    | Reached XP level 11. HP: 74/74 MP: 17/22
  8918 | Orc:1    | Found Vumesic's Assorted Antiques.
  8967 | Orc:2    | Entered Level 2 of the Orcish Mines
  9009 | Orc:2    | Reached skill level 16 in Stealth
  9036 | Orc:2    | Found a roughly hewn altar of Beogh.
  9325 | Orc:2    | Reached skill level 1 in Translocations
  9391 | Orc:2    | Found a staircase to the Elven Halls.
 10044 | Orc:2    | Found Giub's Distillery.
 10088 | Orc:2    | Noticed an orc knight
 10153 | Orc:2    | Found Fiom's Distillery.
 10219 | Orc:2    | Killed an orc knight
 10346 | Orc:2    | Reached **** piety under Dithmenos
 10416 | Orc:2    | Reached skill level 1 in Throwing
 10548 | Orc:2    | Reached skill level 10 in Hexes
 10737 | Orc:2    | Reached skill level 5 in Ice Magic
 10828 | Orc:2    | Noticed an orc high priest
 10828 | Orc:2    | Noticed an orc high priest
 10828 | Orc:2    | Noticed an orc knight
 10828 | Orc:2    | Noticed an orc sorcerer
 10843 | Orc:2    | Killed an orc sorcerer
 10853 | Orc:2    | Noticed an orc knight
 10956 | Orc:2    | Killed an orc knight
 11008 | Orc:2    | Reached skill level 17 in Stealth
 11038 | Orc:2    | Noticed an orc high priest
 11298 | Orc:2    | Killed an orc high priest
 11327 | Orc:2    | Noticed an orc sorcerer
 11331 | Orc:2    | Noticed an orc sorcerer
 11331 | Orc:2    | Noticed an orc knight
 11332 | Orc:2    | Killed an orc sorcerer
 11334 | Orc:2    | Noticed an orc high priest
 11495 | Orc:2    | Killed an orc high priest
 11495 | Orc:2    | Reached XP level 12. HP: 81/81 MP: 22/25
 11520 | Orc:2    | Killed an orc high priest
 11560 | Orc:2    | Killed an orc high priest
 11560 | Orc:2    | Reached skill level 18 in Stealth
 11562 | Orc:2    | Noticed an orc high priest
 11568 | Orc:2    | Noticed an orc high priest
 11576 | Orc:2    | Killed an orc high priest
 11602 | Orc:2    | Killed an orc high priest
 11616 | Orc:2    | Found Qekhacopp's Gadget Shoppe.
 11616 | Orc:2    | Found Nauvis's Antique Weapon Emporium.
 11616 | Orc:2    | Found a one-way gate leading to the halls of Pandemonium.
 11630 | Orc:2    | Reached skill level 10 in Spellcasting
 12187 | Orc:2    | Reached ***** piety under Dithmenos
 12191 | Orc:2    | Noticed an orc warlord
 12254 | Orc:2    | Killed an orc warlord
 12598 | Orc:1    | Found a bloodstained altar of Trog.
 12930 | Orc:1    | Noticed an ogre mage
 12952 | Orc:1    | Killed an ogre mage
 13070 | Orc:1    | Reached XP level 13. HP: 86/86 MP: 24/27
 13195 | Orc:1    | Noticed Maurice
 13210 | Orc:1    | Killed Maurice
 13807 | D:11     | Found a staircase to the Lair.
 13816 | Lair:1   | Entered Level 1 of the Lair of Beasts
 13834 | Lair:1   | Reached skill level 19 in Stealth
 13856 | Lair:1   | Found a glowing golden altar of the Shining One.
 13984 | Lair:1   | Reached skill level 1 in Conjurations
 17027 | Lair:4   | Found a frozen archway.
 17051 | IceCv    | Entered an ice cave
 17601 | IceCv    | Reached skill level 20 in Stealth
 18025 | IceCv    | Noticed a frost giant
 18092 | IceCv    | Killed a frost giant
 18092 | IceCv    | Reached XP level 14. HP: 94/94 MP: 24/29
 18420 | Lair:4   | Noticed Rupert
 18497 | Lair:4   | Paralysed by Rupert for 5 turns
 18505 | Lair:4   | Killed Rupert
 19094 | Lair:5   | Found a staircase to the Swamp.
 19238 | Lair:5   | Reached skill level 5 in Short Blades
 19843 | Lair:5   | Found a hole to the Spider Nest.
 20128 | Lair:5   | Got a polished ring mail
 20139 | Lair:5   | Identified the +0 ring mail "Ireafylu" {-Cast rN+++ rCorr Str+6} (You found it on level 5 of the Lair of Beasts)
 20591 | Lair:6   | Found a runed door.
 20591 | Lair:6   | Found a viscous altar of Jiyva.
 20592 | Lair:6   | Noticed an acid blob
 20593 | Lair:6   | Found a staircase to the Slime Pits.
 20608 | Lair:6   | HP: 2/94 [acid blob/splash of acid (13)]
 20608 | Lair:6   | Splashed by an acid blob's acid

Vault maps used:
D:1:      dpeg_arrival_pits
D:2:      grunt_temple_overflow_order_and_chaos_2, elyvilon_altar_4
D:3:      lemuel_zombie_altar_kikubaaqudgha, first_bread
D:4:      okawaru_trees_1, gammafunk_temple_overflow_forgotten,
          nicolae_overflow_hidden_temple, nicolae_overflow_crystal_walls
D:5:      basic_altar
D:6:      minmay_temple_entry_overgrown, uniq_eustachio
D:7:      hangedman_decor_peaks_small
D:8:      lemuel_crystal_altar, fedhas_altar_3
D:9:      lemuel_coloured_pillars_altar, kennysheep_mini_moat,
          lemuel_doored_altar, serial_shops, nicolae_shop_overgrown_old_shop,
          uniq_pikel, uniq_erolcha
D:10:     serial_shops, shop_statue
D:11:     lair_0_dummy, orc_0_dummy, uniq_erica, uniq_maud
Lair:1:   basic_altar, serial_bayou_shore_b
Lair:2:   lemuel_fruit_tree
Lair:3:   lemuel_fruit_fields, serial_bayou_shore_b, grunt_megastairs_1
Lair:4:   portal_ice_cave_entry_imps, serial_bayou_shore_b, uniq_rupert
Lair:5:   swamp_mist, nicolae_spider_entry_tight_spaces,
          nicolae_quartered_pool_super, st_stairs_8, minmay_holes,
          serial_bayou_lake_a, infiniplex_staircase_pool_2
Lair:6:   slime_altar_2, st_stairs_13, grunt_megastairs_5
Orc:1:    basic_altar, serial_shops, shop, nicolae_orc_stony_grotto,
          uniq_maurice
Orc:2:    pf_orc_diabolical, basic_altar
IceCv:    ice_cave_caverns_02

Skill      XL: |  1  2  3  4  5  6  7  8  9 10 11 12 13 14 |
---------------+-------------------------------------------+-----
Stealth        | 5 6 7 8 9 10 11 13 15 17 18 20 | 20.8
Hexes          | 5 7 8 9 10 11 12 13 | 13.3
Dodging        | 3 4 5 6 8 |  8.4
Ice Magic      | 1 2 3 4 5 6 7 8 |  8.4
Fighting       | 1 2 3 |  3.8
Spellcasting   | 3 4 6 7 9 10 11 12 | 12.4
Short Blades   | 2 3 4 5 |  5.0
Translocations | 1 |  1.3
Throwing       | 1 2 |  2.9
Conjurations   | 1 |  1.6
Invocations    | |  0.1
Evocations     | |  0.1

Action                   |  1- 3 |  4- 6 |  7- 9 | 10-12 | 13-15 || total
-------------------------+-------+-------+-------+-------+-------++-------
Melee: Dagger            |   116 |    74 |   303 |   268 |   406 ||  1167
Throw: Tomahawk          |       |       |       |    71 |    38 ||   109
 Cast: Ensorcelled Hiber |    12 |    15 |    74 |   210 |   205 ||   516
       Dazzling Spray    |       |       |     8 |    17 |    62 ||    87
       Corona            |       |       |     6 |     2 |       ||     8
       Gell's Gravitas   |       |       |     4 |     8 |    18 ||    30
Invok: Shadow Form       |       |       |       |     1 |       ||     1
       Shadow Step       |       |       |       |       |     4 ||     4
 Abil: Bat Form          |       |     2 |       |    11 |     6 ||    19
       End Transformatio |       |     2 |       |    11 |     5 ||    18
Evoke: Wand              |       |       |       |       |    10 ||    10
  Use: Scroll            |       |     1 |     1 |       |    21 ||    23
       Potion            |       |     3 |     3 |     6 |     5 ||    17
 Stab: Sleeping          |    24 |    19 |    75 |   171 |   181 ||   470
       Distracted        |       |     2 |       |     2 |       ||     4
       Invisible         |       |       |       |     5 |    10 ||    15
